 Dungeon Crawl Stone Soup version 0.23.2-40-g277498a001 (webtiles) character file.

Game seed: 6954199615723201997

33 Clehvi the Grasshopper (level 3, -1/18 HPs)
             Began as a Spriggan Warper on Oct 13, 2019.
             Slain by an adder (3 damage)
             ... on level 1 of the Dungeon.
             The game lasted 00:10:54 (2285 turns).

Clehvi the Grasshopper (Spriggan Warper)            Turns: 2285, Time: 00:10:55

Health: -1/18      AC:  2    Str:  7    XL:     3   Next: 12%
Magic:  8/8        EV: 19    Int: 14    God:
Gold:   63         SH:  0    Dex: 16    Spells: 6/8 levels left

rFire    . . .     SeeInvis +   l - -3 dagger (curse)
rCold    . . .     Gourm    .   (shield restricted)
rNeg     . . .     Faith    .   b - +0 robe
rPois    .         Spirit   .   (helmet restricted)
rElec    .         Reflect  .   (no cloak)
rCorr    .         Harm     .   (gloves unavailable)
MR       .....                  (boots unavailable)
Stlth    +.........             (no amulet)
HPRegen  0.06/turn              (no ring)
MPRegen  0.11/turn              (no ring)

@: very quick
A: very small, unfitting armour, see invisible, herbivore, speed 3, slow
metabolism 2
a: no special abilities


You were on level 1 of the Dungeon.
You were not hungry.

You visited 1 branch of the dungeon, and saw 2 of its levels.

You collected 63 gold pieces.

Inventory:

Hand Weapons
 a - a +0 short sword
 l - a cursed -3 dagger (weapon)
Missiles
 g - 25 bolts
Armour
 b - a +0 robe (worn)
Scrolls
 d - a scroll of blinking
 e - a scroll of teleportation
Potions
 k - a potion of lignification {unknown}
Comestibles
 f - a ration


   Skills:
 + Level 1.9 Fighting
 + Level 2.5 Short Blades
 - Level 1.0 Throwing
 + Level 4.3 Dodging
 - Level 3.0 Spellcasting
 + Level 4.8 Translocations


You had 6 spell levels left.
You knew the following spells:

 Your Spells              Type           Power        Failure   Level  Hunger
a - Blink                 Tloc           N/A          4%          2    ##.....

Your spell library contained the following spells:

 Spells                   Type           Power        Failure   Level  Hunger
 Gell's Gravitas          Tloc           ###.......   9%          3    ###....
 Lesser Beckoning         Tloc           ###.......   9%          3    ###....
 Teleport Other           Tloc           ###.....     9%          3    ###....
 Shroud of Golubria       Chrm/Tloc      #.........   12%         2    ##.....
 Passage of Golubria      Tloc           N/A          28%         4    #####..


Dungeon Overview and Level Annotations

Branches:
Dungeon (2/15)

Altars:


Innate Abilities, Weirdness & Mutations

You are very small and have problems with some larger weapons.
You are too small for most types of armour.
You have supernaturally acute eyesight. (SInv)
You are a herbivore.
You cover ground extremely quickly.
You need to consume almost no food.


Message History

The adder is moderately wounded.
The adder completely misses you.
You hit the adder but do no damage.
The adder is moderately wounded.
The adder completely misses you.
You hit the adder.
The adder is heavily wounded.
The adder barely misses you.
You hit the adder.
The adder is severely wounded.
The adder misses you.
You barely miss the adder.
The adder is severely wounded.
The adder misses you.
You closely miss the adder.
The adder is severely wounded.
The adder bites you.
* * * LOW HITPOINT WARNING * * *
The adder bites you.
You die...

#####.....#########.##...########
# ###'### #........##.... # #...#
######..........g... # #.8.#
#...##........#..... #...#
###.##.##...#....... #######
#.##.##...#.#..#.# #..#
##.##.###.#.[....##
##..#########...#.##.........#
#...†........S@...##[##....#.##
#.#####.#####...####.###.#.##.#
#.# #.# ##.## #.# #.#....[ #.#
#S# #.# #.# #.#.#### #!# #.# #.#
#.# #.#.#### #.#####.# #.# ###.#
#.#..... #.......# #.# #...#
#....### ####S#########.###.###
#....... #.#
#....)....(######...###


You could see an adder.

Vanquished Creatures
  A dart slug (D:1)
  2 leopard geckos (D:1)
  2 giant cockroaches (D:1)
  5 goblins (D:1)
  8 hobgoblins
  A ball python (D:1)
  3 bats (D:1)
  A frilled lizard (D:2)
  2 kobolds (D:1)
  A rat (D:1)
26 creatures vanquished.

Notes
Turn   | Place    | Note
-------+----------+-------------------------------------------
     0 | D:1      | Clehvi the Spriggan Warper began the quest for the Orb.
     0 | D:1      | Reached XP level 1. HP: 10/10 MP: 5/5
   780 | D:1      | Reached XP level 2. HP: 5/15 MP: 6/6
   784 | D:1      | Learned a level 2 spell: Blink
  1750 | D:1      | Reached XP level 3. HP: 18/18 MP: 8/8
  2285 | D:1      | Slain by an adder

Skill      XL: |  1  2 |
---------------+-------+-----
Dodging        | 4 |  4.3
Spellcasting   | 3 |  3.0
Fighting       | |  1.9
Short Blades   | |  2.5
Throwing       | |  1.0
Translocations | |  4.8

Action                   || total
-------------------------++-------
Melee: Short sword       ||   108
       Dagger            ||    27
Throw: Tomahawk          ||     5
       Stone             ||    26
  Use: Scroll            ||     3
Armor: Robe              ||    13
Dodge: Dodged            ||   111
